 Dungeon Crawl Stone Soup version 0.30.0 (webtiles) character file.

Game seed: 5326811247003842401

219 Byczy the Shield-Bearer (level 5, 0/53 HPs)
             Began as a Troll Fighter on May 6, 2023.
             Slain by a gnoll
             ... wielding a +0 halberd
             ... led by a gnoll bouda
              (10 damage)
             ... on level 4 of the Dungeon.
             The game lasted 00:17:40 (1987 turns).

Byczy the Shield-Bearer (Troll Fighter)             Turns: 1987, Time: 00:17:40

Health: 0/53       AC:  5    Str: 32    XL:     5   Next: 63%
Magic:  4/4        EV:  9    Int:  4    God:
Gold:   69         SH:  8    Dex:  9    Spells: 4/4 levels left

rFire   . . .        w - +1 spear (venom)
rCold   . . .        c - +0 kite shield
rNeg    . . .        A - +0 robe
rPois   .            (helmet restricted)
rElec   .            D - +0 cloak
rCorr   .            (gloves unavailable)
SInv    .            (boots unavailable)
Will    .....        (no amulet)
Stlth   +            q - +6 ring of strength
HPRegen 1.08/turn    (no ring)
MPRegen 0.09/turn

%: no passive effects
@: no status effects
A: large, unfitting armour, claws 3, regeneration 1, shaggy fur 1, tough skin 1
a: no special abilities


You were on level 4 of the Dungeon.
You visited 1 branch of the dungeon, and saw 4 of its levels.

You collected 150 gold pieces.
You spent 81 gold pieces at shops.

Inventory:

Hand Weapons
 a - a +0 flail
 n - a +1 dagger of venom
 w - a +1 spear of venom (weapon)
 x - a +0 hand axe
 F - a +3 quarterstaff
Missiles
 j - 2 javelins (quivered)
Armour
 b - a +0 robe
 c - a +0 kite shield (worn)
 g - a +0 ring mail
 p - a +0 robe
 r - a +0 chain mail
 y - a +0 robe
 A - a +0 robe (worn)
 B - a +0 robe
 C - a +0 ring mail
 D - a +0 cloak (worn)
 E - a +0 plate armour
 G - a +0 ring mail
Jewellery
 q - a +6 ring of strength (left claw)
Wands
 v - a wand of mindburst (16)
Scrolls
 e - a scroll of fog {unknown}
 f - a scroll of identify {unknown}
 i - a scroll of noise {unknown}
 m - 2 scrolls of teleportation {unknown}
 o - a scroll of enchant weapon {unknown}
 H - a scroll of amnesia {unknown}
 I - a scroll of enchant armour {unknown}
Potions
 d - 2 potions of might
 h - a potion of cancellation {unknown}
 k - a potion of lignification {unknown}
 s - a potion of curing
 t - a potion of haste {unknown}
 u - a potion of flight
 z - a potion of degeneration {unknown}


   Skills:
 + Level 3.0 Fighting
 + Level 0.4 Short Blades
 + Level 2.8 Maces & Flails
 + Level 1.2 Polearms
 + Level 3.3 Dodging
 + Level 0.4 Stealth
 + Level 3.5 Shields


You had 4 spell levels left.
You didn't know any spells.
Your spell library was empty.

Dungeon Overview and Level Annotations

Branches:
Dungeon (4/15)
 Temple: D:4-7

Altars:
Dithmenos

Shops:
D:2 ([*


Innate Abilities, Weirdness & Mutations

You are too large for most types of armour.
You have claws for hands.
Your natural rate of healing is unusually fast.
You are covered in fur. (AC +1)
You have tough skin. (AC +1)


Message History

Your attacks no longer feel as feeble.
You kill the gnoll!
The gnoll closely misses you. The gnoll closely misses you.
Things that are here:
a +0 flail; a +0 club; a +0 robe The gnoll hits you but does no damage.
You hit the gnoll.
The gnoll is poisoned.
The gnoll is heavily wounded.
The gnoll is no longer moving quickly.
The gnoll hits you with a +0 flail! The gnoll barely misses you.
You hit the gnoll.
The gnoll is severely wounded.
You block the gnoll's attack. The gnoll closely misses you.
You hit the gnoll.
The gnoll is almost dead.
The gnoll hits you with a +0 flail. You block the gnoll's attack.
You hit the gnoll.
You kill the gnoll!
The gnoll hits you from afar with a +0 halberd.
The gnoll hits you from afar with a +0 halberd!
* * * LOW HITPOINT WARNING * * *
You block the gnoll's attack.
Items here: ))) [ †.
You hit the gnoll.
The gnoll is poisoned.
The gnoll is moderately wounded.
The gnoll closely misses you.
You barely miss the gnoll.
The gnoll is moderately wounded.
The gnoll hits you but does no damage.
You puncture the gnoll!
The gnoll is almost dead.
The gnoll barely misses you. The gnoll hits you with a +0 halberd.
* * * LOW HITPOINT WARNING * * *
You barely miss the gnoll.
The gnoll is almost dead.
The gnoll hits you with a +0 halberd!
* * * LOW HITPOINT WARNING * * *
You feel better. The gnoll hits you with a +0 halberd!
You die...

...####.####^####.#
.........# ..... #
....##.#.#.......#
#.#.#.......#
#.#.^..._...#
#...#.......#
#...#...... #.#.#
..... #.#@# #####
#.#g....... .
###...### . .### #


You could see a gnoll (poisoned).

Vanquished Creatures
  A scorpion (D:4)
  A hound (D:3)
  A gnoll bouda (D:4)
  2 gnolls (D:4)
  3 adders
  2 worms (D:2)
  A dart slug (D:3)
  4 bats
  4 endoplasms
  7 goblins
  3 hobgoblins
  6 kobolds
  3 quokkas
  5 frilled lizards
  5 rats
48 creatures vanquished.

Notes
Turn   | Place    | Note
-------+----------+-------------------------------------------
     0 | D:1      | Byczy the Troll Fighter began the quest for the Orb.
     0 | D:1      | Reached XP level 1. HP: 22/22 MP: 0/0
   133 | D:1      | Reached XP level 2. HP: 29/29 MP: 1/1
   567 | D:2      | Reached XP level 3. HP: 36/36 MP: 2/2
   633 | D:2      | Found a faded altar of an unknown god.
   913 | D:2      | Found Yrycri Reqa's Assorted Antiques.
   990 | D:2      | Bought a fuming yellow potion for 17 gold pieces
   990 | D:2      | Bought a fizzy sapphire potion for 17 gold pieces
   990 | D:2      | Bought a robe for 13 gold pieces
   990 | D:2      | Bought a robe for 13 gold pieces
  1079 | D:2      | Found Vaedopp's Antique Armour Emporium.
  1089 | D:2      | Bought a robe for 21 gold pieces
  1100 | D:2      | Found Fuzasyll's Antique Weapon Shop.
  1542 | D:3      | Reached XP level 4. HP: 39/44 MP: 3/3
  1914 | D:4      | Noticed a scorpion
  1916 | D:4      | Killed a scorpion
  1917 | D:4      | Reached XP level 5. HP: 53/53 MP: 4/4
  1946 | D:4      | Found a shadowy altar of Dithmenos.
  1970 | D:4      | Reached skill level 1 in Polearms
  1987 | D:4      | Slain by a gnoll

Illustrated notes

Levels and vault maps discovered:
D:1:      tarquinn_simple_flora_water_d, layout_rooms
D:2:      layout_basic, dilly_ecumenical_altar_fadedgnrine, serial_shops,
          shop_fountains, shop, nicolae_shop_window_shopping, st_stairs_6
D:3:      layout_loops_ring, marbit_many_paths
D:4:      layout_loops_ring, mainiacjoe_overflow_catch_the_wave,
          lemuel_tele_altar

Skill      XL: |  1  2  3  4  5 |
---------------+----------------+-----
Maces & Flails | 2 |  2.8
Shields        | 3 |  3.5
Fighting       | 3 |  3.0
Dodging        | 3 |  3.3
Polearms       | 1 |  1.2
Short Blades   | |  0.4
Stealth        | |  0.4

Action                     |  1- 3 |  4- 6 || total
---------------------------+-------+-------++-------
  Melee: Flail             |    69 |       ||    69
         Dagger            |    26 |       ||    26
         Spear             |    21 |    37 ||    58
    Use: Potion            |     3 |     2 ||     5
   Stab: Sleeping          |     1 |       ||     1
 Armour: Robe              |    36 |     6 ||    42
  Dodge: Dodged            |    36 |    15 ||    51
  Block: Kite shield       |    35 |    11 ||    46
